 Dungeon Crawl Stone Soup version 0.26-a0-812-g31a745ddcd (webtiles) character file.

Game seed: 15231108541553179858

32172 Arthanis the Cleaver (level 13, -3/88 HPs)
             Began as a Gargoyle Berserker on Nov 14, 2020.
             Was a High Priest of Trog.
             Slain by an efreet
             ... wielding a +0 scimitar of flaming
              (5 damage)
             ... on level 14 of the Dungeon.
             The game lasted 00:17:21 (15776 turns).

Arthanis the Cleaver (Gargoyle Berserker)          Turns: 15776, Time: 00:17:22

Health: -3/88      AC: 32    Str: 20    XL:     13   Next: 62%
Magic:  13/13      EV:  7    Int: 17    God:    Trog [*****.]
Gold:   432        SH:  0    Dex:  9    Spells: 12/12 levels left

rFire    . . .     SeeInvis +   K - +4 battleaxe
rCold    . . .     Faith    .   (shield currently unavailable)
rNeg     + . .     Spirit   .   G - +0 plate armour
rPois    ∞         Reflect  .   V - +0 helmet {Int+3}
rElec    +         Harm     .   W - scarf {repulsion}
rCorr    .         Rampage  .   z - +0 pair of gloves
MR       .....                  U - +1 pair of boots {Fly}
Stlth    ..........             L - amulet of regeneration
HPRegen  0.64/turn              J - ring of see invisible
MPRegen  0.13/turn              j - +4 ring of protection

@: marked, berserk cooldown, flying, slowed, repel missiles, very slow
A: negative energy resistance 1, electricity resistance, unbreathing,
petrification resistance, rot immunity, AC +9
a: Berserk, Trog's Hand, Brothers in Arms, Renounce Religion, Stop Flying


You were on level 14 of the Dungeon.
You worshipped Trog.
Trog was extremely pleased with you.
You visited 1 branch of the dungeon, and saw 14 of its levels.

You collected 896 gold pieces.
You spent 464 gold pieces at shops.

Inventory:

Hand Weapons
 a - a +2 dire flail of venom
 b - a +0 hand axe
 u - a +0 trident
 y - a +4 vorpal scythe
 H - a +1 flail of protection
 K - a +4 battleaxe (weapon)
Armour
 z - a +0 pair of gloves (worn)
 E - a +0 cloak
 G - a +0 plate armour (worn)
 N - a +0 tower shield
 R - a +2 robe of cold resistance
 U - a +1 pair of boots of flying (worn)
 V - a +0 helmet of intelligence (worn)
 W - a scarf of repulsion (worn)
Jewellery
 j - a +4 ring of protection (right hand)
 J - a ring of see invisible (left hand)
 L - an amulet of regeneration (around neck)
 Q - a cursed ring of ice
Wands
 k - a wand of acid (8)
 A - a wand of disintegration (5)
 F - a wand of polymorph (11)
 I - a wand of random effects (14)
 M - a wand of flame (13)
 O - a wand of digging (5)
Scrolls
 c - a scroll of fog
 d - 7 scrolls of enchant armour
 e - 5 scrolls of remove curse
 g - 3 scrolls of teleportation
 h - a scroll of magic mapping
 l - a scroll of random uselessness {unknown}
 n - 3 scrolls of fear
 p - a scroll of noise
 q - a scroll of amnesia
 x - 3 scrolls of enchant weapon
 T - a scroll of vulnerability {unknown}
Potions
 f - 12 potions of curing
 i - 4 potions of berserk rage
 m - 2 potions of attraction {unknown}
 o - 2 potions of cancellation {unknown}
 r - a potion of haste {unknown}
 s - a potion of heal wounds {unknown}
 t - 2 potions of might {unknown}
 v - a potion of degeneration {unknown}
 w - 3 potions of lignification {unknown}
 B - 2 potions of mutation {unknown}
 D - 2 potions of brilliance {unknown}
 P - 2 potions of magic {unknown}
 S - a potion of resistance {unknown}


   Skills:
 + Level 13.0 Fighting
 * Level 14.9 Axes
 + Level 9.0 Armour
 + Level 3.5 Dodging
 + Level 5.3 Evocations


You had 12 spell levels left.
You didn't know any spells.
Your spell library contained the following spells:

 Spells                   Type           Power        Failure   Level
 Corona                   Hex            #......      99%         1
 Magic Dart               Conj           #...         99%         1
 Blink                    Tloc           N/A          100%        2
 Call Imp                 Summ           #.......     100%        2
 Slow                     Hex            #.......     100%        2
 Conjure Flame            Conj/Fire      #.......     100%        3
 Inner Flame              Hex/Fire       #.......     100%        3
 Mephitic Cloud           Conj/Pois/Air  #.......     100%        3
 Portal Projectile        Hex/Tloc       #.....       100%        3
 Cause Fear               Hex            #.........   100%        4
 Leda's Liquefaction      Hex/Erth       #.........   100%        4


Dungeon Overview and Level Annotations

Branches:
Dungeon (14/15)            Temple (0/1) D:6            Lair (0/6) D:11
    Orc (0/2) D:9          Vaults (0/5) D:13

Altars:
Gozag
Makhleb
Okawaru
Uskayaw
Vehumet
Xom
Yredelemnul

Shops:
D:6 }   D:11 [   D:13 :

Portals:
Trove: D:13 (give +3 gold dragon scales)

Annotations:
D:12 3 runed translucent doors, p0werm0de's ghost, journeyman DDFi


Innate Abilities, Weirdness & Mutations

You are resistant to torment.
Your stone body is resilient. (AC +9)
You are immune to poison.
You resist negative energy. (rN+)
You are resistant to electric shocks. (rElec)
You can survive without breathing.
You are immune to petrification.
You are immune to rotting.


Message History

The efreet gestures at you.
The fireball explodes!
The fireball engulfs you.
You are too injured to fight recklessly!
The efreet barely misses you.
You barely miss the efreet.
The efreet hits you with a +0 scimitar of flaming!
The efreet burns you.
You barely miss the efreet. The efreet gestures at you.
The fireball explodes!
The fireball engulfs you!
* * * LOW HITPOINT WARNING * * *
The fireball engulfs the efreet.
The efreet completely resists.
A cyclops comes into view.
You barely miss the efreet. The efreet gestures at you.
The fireball explodes!
The fireball engulfs you!!
* * * LOW HITPOINT WARNING * * *
The fireball engulfs the efreet.
The efreet completely resists.
The efreet hits you with a +0 scimitar of flaming.
You die...

#. #.# #.# ########+###### #.#
#............)# #.#
#.............# #.#
#..........†..#
#######.#####..R@.>..†††..#
..........C.'.<...........'...
######.#####.............####
#.# ##########+#### #.## ##
#.†# .. ##.# .####
########.######......
#.........##.........


You could see a cyclops and an efreet.

Vanquished Creatures
  Azrael (D:11)
  Snorg (D:11)
  Fannar (D:11)
  A death knight (D:13)
  2 dancing weapons (D:13)
  4 two-headed ogres
  Erica (D:8)
  2 centaur warriors
  2 deep elf magi
  14 ugly things
  10 slime creatures
  Maurice (D:8)
  A rime drake (shapeshifter) (D:13)
  An efreet (D:13)
  A komodo dragon (D:11)
  A freezing wraith (D:13)
  2 trolls (D:10)
  2 hornets
  Prince Ribbit (D:6)
  Sigmund (D:6)
  2 vampires
  4 wraiths
  A wyvern (D:12)
  14 yaks
  A basilisk (D:12)
  3 fire elementals
  A steam dragon (D:8)
  2 acid dragons
  Edmund (D:6)
  3 hell hounds
  9 orc warriors
  6 ice beasts
  2 sky beasts
  A hornet zombie (D:10)
  A phantom (D:4)
  A black bear (D:9)
  4 necrophages
  7 ogres
  An eye of draining (D:9)
  11 centaurs
  An elf zombie (D:9)
  9 bullfrogs
  A gnoll sergeant (D:10)
  4 scorpions
  5 wights
  A centaur zombie (D:9)
  8 howler monkeys
  A bullfrog zombie (D:12)
  6 hounds
  8 jellies
  A bullfrog skeleton (D:12)
  2 centaur skeletons
  3 human zombies (D:9)
  4 orc priests
  2 quasits
  A gnoll shaman (D:5)
  A human skeleton (D:9)
  3 iguanas
  9 orc wizards
  15 worker ants
  A hound zombie (D:6)
  A mummy (D:9)
  A worker ant zombie (D:9)
  3 howler monkey zombies
  12 adders
  10 gnolls
  2 howler monkey skeletons
  2 shadow imps
  2 ufetubi
  5 oozes (D:8)
  2 adder skeletons
  2 adder zombies (D:7)
  2 worms (D:3)
  A dart slug (D:1)
  2 leopard geckos
  37 orcs
  2 ball pythons
  2 giant cockroaches
  2 hobgoblins (D:2)
  14 jackals
  4 quokkas
  7 bats
  3 frilled lizards
  7 goblins
  4 kobolds
  A leopard gecko skeleton (D:7)
  2 orc zombies (D:9)
  A quokka zombie (D:6)
  12 rats
356 creatures vanquished.

Vanquished Creatures (collateral kills)
  Nessos (D:12)
  A water moccasin (D:12)
  3 wights (D:12)
5 creatures vanquished.

Vanquished Creatures (others)
  4 fungi
  6 plants
10 creatures vanquished.

Grand Total: 371 creatures vanquished

Notes
Turn   | Place    | Note
-------+----------+-------------------------------------------
     0 | D:1      | Arthanis the Gargoyle Berserker began the quest for the
                  | Orb.
     0 | D:1      | Reached XP level 1. HP: 14/14 MP: 1/1
   230 | D:1      | Reached XP level 2. HP: 15/19 MP: 2/2
   439 | D:1      | Reached skill level 3 in Axes
  1008 | D:2      | Reached XP level 3. HP: 15/23 MP: 3/3
  1323 | D:2      | Reached ** piety under Trog
  1735 | D:2      | Reached XP level 4. HP: 21/29 MP: 4/4
  3031 | D:4      | Reached skill level 4 in Axes
  3031 | D:4      | Reached XP level 5. HP: 27/33 MP: 5/5
  3529 | D:4      | Reached XP level 6. HP: 29/39 MP: 6/6
  3626 | D:4      | Noticed a phantom
  3672 | D:4      | Killed a phantom
  3866 | D:4      | Reached skill level 5 in Axes
  3940 | D:4      | Reached skill level 5 in Fighting
  3940 | D:4      | Reached XP level 7. HP: 32/44 MP: 7/7
  4274 | D:5      | Entered Level 5 of the Dungeon
  4489 | D:5      | Found a burning altar of Makhleb.
  4553 | D:5      | Reached skill level 6 in Axes
  4565 | D:5      | Reached skill level 5 in Armour
  4694 | D:5      | Reached *** piety under Trog
  4707 | D:5      | Reached XP level 8. HP: 46/51 MP: 8/8
  4969 | D:6      | Noticed Edmund
  4979 | D:6      | Killed Edmund
  5199 | D:6      | Reached skill level 7 in Axes
  5315 | D:6      | Found a staircase to the Ecumenical Temple.
  5596 | D:6      | Noticed Sigmund
  5604 | D:6      | Killed Sigmund
  5604 | D:6      | Reached XP level 9. HP: 57/57 MP: 9/9
  5608 | D:6      | Found Liprik's Gadget Shoppe.
  5669 | D:6      | Found a radiant altar of Vehumet.
  5677 | D:6      | Reached skill level 8 in Axes
  5724 | D:6      | Noticed Prince Ribbit
  5868 | D:6      | Killed Prince Ribbit
  6112 | D:7      | Found a hide-covered altar of Uskayaw.
  6388 | D:7      | Found an iron altar of Okawaru.
  6398 | D:7      | Reached skill level 9 in Axes
  6562 | D:7      | Reached **** piety under Trog
  7099 | D:8      | Found an opulent altar of Gozag.
  7115 | D:8      | Reached skill level 1 in Evocations
  7368 | D:8      | Noticed a two-headed ogre
  7379 | D:8      | Killed a two-headed ogre
  7379 | D:8      | Reached XP level 10. HP: 65/65 MP: 10/10
  7622 | D:8      | Noticed Maurice
  7747 | D:8      | Noticed Erica
  7763 | D:8      | Killed Erica
  7763 | D:8      | Reached skill level 10 in Axes
  8055 | D:8      | Killed Maurice
  9328 | D:9      | Found a basalt altar of Yredelemnul.
  9356 | D:9      | Reached XP level 11. HP: 53/71 MP: 11/11
  9484 | D:9      | You fall into a shaft and drop 1 floor!
  9484 | D:10     | Entered Level 10 of the Dungeon
  9596 | D:10     | Noticed a two-headed ogre
  9615 | D:10     | Killed a two-headed ogre
  9615 | D:10     | Reached skill level 11 in Axes
  9788 | D:9      | Reached ***** piety under Trog
 10000 | D:9      | Reached skill level 10 in Fighting
 10144 | D:9      | Found a staircase to the Orcish Mines.
 10306 | D:10     | Noticed a two-headed ogre
 10314 | D:10     | Killed a two-headed ogre
 11264 | D:11     | Reached skill level 12 in Axes
 11550 | D:11     | Noticed Fannar
 11576 | D:11     | Killed Fannar
 11625 | D:11     | Found a shimmering altar of Xom.
 11679 | D:11     | Found Nurehuke's Antique Armour Emporium.
 11687 | D:11     | Bought a pair of embroidered boots for 232 gold pieces
 11687 | D:11     | Bought a runed helmet for 232 gold pieces
 11759 | D:11     | Found a staircase to the Lair.
 11900 | D:12     | Noticed Azrael
 12165 | D:11     | Killed Azrael
 12165 | D:11     | Reached XP level 12. HP: 49/80 MP: 12/12
 12225 | D:12     | Noticed Snorg
 12238 | D:11     | Killed Snorg
 12500 | D:12     | Reached skill level 13 in Axes
 12582 | D:12     | Found a runed translucent gate.
 12584 | D:12     | Found a runed translucent gate.
 12584 | D:12     | Found a runed translucent gate.
 12584 | D:12     | Noticed p0werm0de's ghost (journeyman DDFi)
 13206 | D:12     | Noticed Nessos
 13237 | D:12     | Killed Nessos
 14204 | D:13     | Noticed a death knight
 14208 | D:13     | Reached skill level 14 in Axes
 14223 | D:13     | Killed a death knight
 14306 | D:13     | Noticed a two-headed ogre
 14318 | D:13     | Killed a two-headed ogre
 14420 | D:13     | Reached XP level 13. HP: 73/87 MP: 13/13
 14552 | D:13     | Found a gate to the Vaults.
 14641 | D:13     | Found Budontol's Book Emporium.
 14840 | D:13     | Received a gift from Trog
 15162 | D:13     | Found a portal to a secret trove of treasure.
 15346 | D:14     | Reached skill level 5 in Evocations
 15776 | D:14     | HP: 2/88 [efreet/fireball (20)]
 15776 | D:14     | Slain by an efreet

Illustrated notes

Levels and vault maps discovered:
D:1:      matt_arrival_grand_opening, layout_loops_ring
D:2:      cheibrodos_old_hovel, layout_basic
D:3:      layout_loops_corners
D:4:      layout_loops_ring, kennysheep_generic_room_5
D:5:      layout_rooms, lemuel_doored_altar, grunt_ministairs_8,
          nrook_mini_vaults
D:6:      layout_basic, vehumet_crystals, temple_hall, serial_shops, shop,
          uniq_edmund, uniq_sigmund, uniq_prince_ribbit1
D:7:      layout_loops_corners, lemuel_round_altar, kennysheep_little_box,
          minivault_26
D:8:      layout_loops_ring, nicolae_overflow_crystal_walls,
          hangedman_little_slice_of_home, uniq_erica, uniq_maurice
D:9:      layout_basic, lemuel_mausoleum_altar_yredelemnul, david_orc_4
D:10:     layout_stronghold, roderic_malta_cross
D:11:     layout_rooms, grunt_lair_entry_orc_guard_hut, basic_altar,
          serial_shops, shop, uniq_fannar
D:12:     layout_loops_corners, gammafunk_ghost_nasty_kobolds, uniq_snorg,
          uniq_azrael, uniq_nessos
D:13:     layout_long_grid, erik_vaults_1, serial_glass, glass_columns_b,
          glass_columns_a, glass_columns_b, glass_columns_c, glass_columns_b,
          glass_columns_b, nicolae_trove_entry_diagonal, minmay_shop_grid_forest
D:14:     layout_roguey, minmay_misc_feat_enclosed, serial_shops,
          nicolae_shop_temple_entry_statues_fountains

Skill      XL: |  1  2  3  4  5  6  7  8  9 10 11 12 13 |
---------------+----------------------------------------+-----
Axes           | 3 4 5 6 7 9 10 12 14 | 14.9
Dodging        | 2 3 |  3.5
Armour         | 3 4 5 6 7 8 9 |  9.0
Fighting       | 4 5 7 8 9 11 12 13 | 13.0
Evocations     | 2 3 4 5 |  5.3

Action                   |  1- 3 |  4- 6 |  7- 9 | 10-12 | 13-15 || total
-------------------------+-------+-------+-------+-------+-------++-------
Melee: Hand axe          |   114 |   230 |   267 |   432 |       ||  1043
       Dire flail        |       |       |    96 |    65 |       ||   161
       Battleaxe         |       |       |       |   355 |   111 ||   466
Invok: Berserk           |       |     2 |    10 |    19 |     3 ||    34
       Trog's Hand       |       |       |     1 |     6 |     1 ||     8
       Brothers in Arms  |       |       |       |     1 |       ||     1
Evoke: Wand              |       |       |       |     1 |       ||     1
  Use: Scroll            |       |       |       |    12 |     2 ||    14
 Stab: Sleeping          |     1 |     1 |       |       |       ||     2
Armor: Animal skin       |    45 |    54 |       |       |       ||    99
       Chain mail        |       |    69 |   227 |   257 |       ||   553
       Plate armour      |       |       |       |   360 |    95 ||   455
Dodge: Dodged            |    79 |   116 |   141 |   282 |    34 ||   652

Table legend: (Time is in decaauts)
 A = Elapsed time spent in this place.
 B = Non-inter-level travel time spent in this place.
 C = Inter-level travel time spent in this place.
 D = Time resting spent in this place.
 E = Time spent auto-exploring this place.
 F = Levels seen in this place.
 G = Mean time per level.
                   A        B        C        D        E       F      G
               +--------+--------+--------+--------+--------+-----+--------+
         Total |  16037 |  15603 |    434 |    838 |  11818 |  14 | 1145.5 |
       Dungeon |  16037 |  15603 |    434 |    838 |  11818 |  14 | 1145.5 |
               +--------+--------+--------+--------+--------+-----+--------+

Top non-repeatable levels by time:
     D:9: 1896 daAuts
    D:12: 1755 daAuts
    D:11: 1402 daAuts
     D:4: 1305 daAuts
     D:8: 1233 daAuts
     D:3: 1181 daAuts
    D:13: 1166 daAuts
     D:7: 1038 daAuts
    D:10: 1030 daAuts
     D:6: 1012 daAuts
     D:2: 998 daAuts
     D:1: 852 daAuts
     D:5: 700 daAuts
    D:14: 463 daAuts
